 Dungeon Crawl Stone Soup version 0.22.0-38-g04b72b8 (webtiles) character file.

190 Fang the Chopper (level 5, -8/49 HPs)
             Began as a Gargoyle Berserker on Aug 29, 2018.
             Was a Believer of Trog.
             Mangled by a gnoll
             ... wielding a +0 halberd
              (15 damage)
             ... on level 3 of the Dungeon.
             The game lasted 00:02:37 (2513 turns).

Fang the Chopper (Gargoyle Berserker)               Turns: 2513, Time: 00:02:38

Health: -8/49      AC:  6    Str: 26    XL:     5   Next: 69%
Magic:  5/5        EV: 12    Int: 13    God:    Trog [**....]
Gold:   154        SH:  0    Dex:  9    Spells: 4/4 levels left

rFire    . . .     SeeInvis .   a - +0 hand axe
rCold    + . .     Gourm    .   (no shield)
rNeg     + . .     Faith    .   b - +0 animal skin
rPois    ∞         Spirit   .   (no helmet)
rElec    +         Reflect  .   (no cloak)
rCorr    .         Harm     .   (no gloves)
MR       .....                  (no boots)
Stlth    ..........             (no amulet)
HPRegen  0.16/turn              r - +5 ring of intelligence
MPRegen  0.09/turn              j - ring of protection from cold

@: berserking, very quick
A: negative energy resistance 1, electricity resistance, unbreathing,
petrification resistance, rot immunity, AC +4
a: Berserk, Trog's Hand, Renounce Religion


You were on level 3 of the Dungeon.
You worshipped Trog.
Trog was pleased with you.
You were very hungry.

You visited 1 branch of the dungeon, and saw 3 of its levels.

You collected 154 gold pieces.

Inventory:

Hand Weapons
 a - a +0 hand axe (weapon)
Armour
 b - a +0 animal skin (worn)
Jewellery
 d - an uncursed ring of protection from fire
 j - a ring of protection from cold (right hand)
 p - an uncursed ring of fire
 r - a +5 ring of intelligence (left hand)
Scrolls
 f - 3 scrolls of remove curse {unknown}
 g - a scroll of enchant armour {unknown}
 h - a scroll of fear {unknown}
 i - a scroll of blinking {unknown}
 l - 4 scrolls of identify {unknown}
 q - a scroll of immolation {unknown}
 s - a scroll of teleportation {unknown}
 u - a scroll of fog {unknown}
Potions
 e - a potion of experience {unknown}
 k - a potion of flight {unknown}
 m - a potion of lignification {unknown}
 n - 2 potions of haste {unknown}
 o - a potion of resistance {unknown}
 v - 2 potions of curing {unknown}
Comestibles
 c - 3 rations


   Skills:
 + Level 4.2 Fighting
 + Level 4.3 Axes
 + Level 2.3 Armour
 + Level 2.6 Dodging
 + Level 1.2 Stealth


You had 4 spell levels left.
You didn't know any spells.
Your spell library was empty.

Dungeon Overview and Level Annotations

Branches:
Dungeon (3/15)

Altars:


Innate Abilities, Weirdness & Mutations

You are resistant to torment.
Your stone body is resilient. (AC +4)
You are immune to poison.
You resist negative energy. (rN+)
You are resistant to electric shocks. (rElec)
You can survive without breathing.
You are immune to petrification.
You are immune to rotting.


Message History

A red film seems to cover your vision as you go berserk!
You feel yourself moving faster!
You feel mighty!
You are feeling very hungry.
The gnoll hits you from afar with a halberd.
* * * LOW HITPOINT WARNING * * *
The gnoll hits you.
* * * LOW HITPOINT WARNING * * *
You hit the gnoll.
The gnoll is severely wounded.
Unknown command.
You slash the gnoll!
You kill the gnoll!
Trog accepts your kill. The gnoll completely misses you.
Unknown command.
Unknown command.
You closely miss the gnoll.
The gnoll is moderately wounded.
The gnoll hits you with a halberd!
You die...

#.###...#####......####..
#.# #...# ######## #..
#.# #...# ### #.# #...#
###.####### #.......#
#.......#
#.......#####.#### #####
#..>......@gg..... .....
#..........##.#### #####
#..........# #.........?#
.. #..........# ..
#..........# ..
#..........# ..
........$.# .. ..


You could see 2 gnolls.

Vanquished Creatures
  An ogre (D:3)
  A gnoll (D:3)
  5 adders
  A worm (D:3)
  A dart slug (D:1)
  2 orcs (D:3)
  3 giant cockroaches
  7 hobgoblins
  7 jackals (D:3)
  8 kobolds
  7 bats
  2 frilled lizards
  4 rats
49 creatures vanquished.

Notes
Turn   | Place    | Note
-------+----------+-------------------------------------------
     0 | D:1      | Fang the Gargoyle Berserker began the quest for the Orb.
     0 | D:1      | Reached XP level 1. HP: 14/14 MP: 1/1
   137 | D:1      | Reached XP level 2. HP: 19/19 MP: 2/2
   948 | D:2      | Reached XP level 3. HP: 17/24 MP: 3/3
  1358 | D:2      | Reached XP level 4. HP: 20/29 MP: 4/4
  1801 | D:3      | Noticed an ogre
  1809 | D:3      | Killed an ogre
  1809 | D:3      | Reached skill level 1 in Stealth
  1809 | D:3      | Reached XP level 5. HP: 33/33 MP: 5/5
  1957 | D:3      | Reached ** piety under Trog
  2513 | D:3      | Mangled by a gnoll

Skill      XL: |  1  2  3  4 |
---------------+-------------+-----
Axes           | 3 4 |  4.3
Dodging        | 2 |  2.6
Fighting       | 4 |  4.2
Stealth        | 1 |  1.2
Armour         | |  2.3

Action                   |  1- 3 |  4- 6 || total
-------------------------+-------+-------++-------
Melee: Hand axe          |   128 |   117 ||   245
Invok: Berserk           |     1 |     2 ||     3
 Stab: Sleeping          |       |     1 ||     1
  Eat: Chunk             |     2 |     5 ||     7
Armor: Animal skin       |    54 |    57 ||   111
Dodge: Dodged            |   111 |   104 ||   215
